 Dungeon Crawl Stone Soup version 0.18.1-48-g4cf74bf (webtiles) character file.

88 Heedrag the Magician (level 4, -2/24 HPs)
             Began as a Deep Elf Conjurer on July 24, 2016.
             Slain by a gnoll
             ... wielding a +0 club
              (8 damage)
             ... on level 2 of the Dungeon.
             The game lasted 00:04:43 (1755 turns).

Heedrag the Magician (Deep Elf Conjurer)            Turns: 1755, Time: 00:04:44

Health: -2/24      AC:  3    Str:  6    XL:     4   Next: 30%
Magic:  6/14       EV: 13    Int: 20    God:
Gold:   44         SH:  0    Dex: 15    Spells: 2 memorised, 11 levels left

rFire  . . .     SeeInvis .     d - +0 dagger
rCold  . . .     Gourm    .     a - +0 robe
rNeg   . . .     Faith    .     (no shield)
rPois  .         Spirit   .     (no helmet)
rElec  .         Dismiss  +     (no cloak)
rCorr  .         Reflect  .     (no gloves)
SustAt .         Harm     .     (no boots)
MR     .....                    n - amulet of dismissal
Stlth  ++........               (no ring)
                                k - +1 ring of protection

@: not resistant to hostile enchantments, unstealthy
A: no striking features
a: no special abilities


You were on level 2 of the Dungeon.
You were not hungry.

You visited 1 branch of the dungeon, and saw 3 of its levels.

You collected 44 gold pieces.

Inventory:

Hand Weapons
 d - a +0 dagger (weapon)
Armour
 a - a +0 robe (worn)
Jewellery
 k - a +1 ring of protection (left hand)
 n - an amulet of dismissal (around neck)
Scrolls
 e - a scroll of teleportation {unknown}
 i - 2 scrolls of identify {unknown}
 j - 2 scrolls of immolation {unknown}
 l - 3 scrolls of random uselessness {unknown}
 o - a scroll of amnesia {unknown}
 p - a scroll of magic mapping {unknown}
Potions
 g - 2 potions of curing {unknown}
 h - a potion of agility {unknown}
 m - a potion of heal wounds {unknown}
Books
 b - a book of Conjurations

   Spells                             Type                      Level
   a - Magic Dart                     Conjuration                  1
   b - Searing Ray                    Conjuration                  2
   c - Dazzling Spray                 Conjuration/Hexes            3
   d - Fulminant Prism                Conjuration/Hexes            4
   e - Iskenderun's Mystic Blast      Conjuration                  4
   f - Iskenderun's Battlesphere      Conjuration/Charms           5
Comestibles
 c - 2 bread rations
 f - 2 beef jerkies


   Skills:
 - Level 2.4 Dodging
 - Level 2.4 Stealth
 * Level 6.3 Spellcasting
 - Level 4.3 Conjurations


You had 11 spell levels left.
You knew the following spells:

 Your Spells              Type           Power        Failure   Level  Hunger
a - Magic Dart            Conj           ###.         1%          1    None
b - Dazzling Spray        Conj/Hex       ###...       14%         3    ##.....


Dungeon Overview and Level Annotations

Branches:
Dungeon (3/15)

Altars:
Qazlal
The Shining One

Annotations:
D:2 1 exclusion
D:3 Aquadorian's ghost, amateur OgBe


Message History

Ye climb upwards.
Level annotation: 1 'sclusion Thar be a stone staircase leadin' down 'ere.
Castin': Magic Dart Confirm wit' . or Enter, or press ? or * ta list all spells.
Aimin': Magic Dart
Press: ? - help, Shift-Dir - straight line, f - gnoll
Aim: a gnoll, wieldin' a club (moderately wounded) Tha magic dart hits tha gnoll.
Tha gnoll be heavily wounded.
Tha gnoll barely misses ye.
Castin': Magic Dart Confirm wit' . or Enter, or press ? or * ta list all spells.
Aimin': Magic Dart
Press: ? - help, Shift-Dir - straight line, f/p - gnoll
Aim: a gnoll, wieldin' a club (heavily wounded) Tha magic dart hits tha gnoll.
Tha gnoll be almost dead.
Tha gnoll hits ye wit' a club!
Ye die...

...#...#..# #.#.#.##.# #
##...#...## #.#......#
#.....##..######## #.....####
###..............####..### #####
####.....######.#≈_#..# #....
#.....##.## ##..##.#.##### #....
##.##.###..###....'.#.....# #....
#..##.# ##..##.####.#.....###....
......# ##.....@#≈_#..#.........
####..## #..####g####.<#.###.....
#...###.#......###.##.....)...
####....#....#####.##.......#....
..###.......######.##.####.##....
#.###..#..............####.##....
..##.....#..#......#.......##....
.......####.........#.###..#####.
............(......)..# #..#####.


You could see a gnoll.

Vanquished Creatures
  A gnoll (D:3)
  2 adders (D:2)
  2 worms
  5 dart slugs
  A giant gecko (D:1)
  2 giant cockroaches (D:2)
  8 goblins
  3 hobgoblins
  2 quokkas
  10 bats
  5 kobolds
  2 rats (D:1)
43 creatures vanquished.

Notes
Turn   | Place    | Note
--------------------------------------------------------------
     0 | D:1      | Heedrag the Deep Elf Conjurer began the quest for the Orb.
     0 | D:1      | Reached XP level 1. HP: 10/10 MP: 6/6
   276 | D:1      | Reached XP level 2. HP: 15/15 MP: 6/8
   282 | D:1      | Reached skill level 4 in Spellcasting
   710 | D:1      | Reached XP level 3. HP: 19/19 MP: 1/11
   929 | D:2      | Reached skill level 5 in Spellcasting
  1077 | D:2      | Learned a level 3 spell: Dazzling Spray
  1388 | D:2      | Reached skill level 6 in Spellcasting
  1388 | D:2      | Reached XP level 4. HP: 19/24 MP: 10/14
  1422 | D:2      | Found a stormy altar of Qazlal.
  1422 | D:2      | Found a glowing golden altar of the Shining One.
  1638 | D:3      | Noticed Aquadorian's ghost (amateur OgBe)
  1755 | D:2      | Slain by a gnoll

Skill      XL: |  1  2  3 |
---------------+----------+-----
Spellcasting   | 4 6 |  6.3
Dodging        | |  2.4
Stealth        | |  2.4
Conjurations   | |  4.3

Action                   |  1- 3 |  4- 6 || total
-------------------------+-------+-------++-------
Melee: Dagger            |     2 |       ||     2
 Cast: Magic Dart        |    88 |    27 ||   115
  Eat: Chunk             |     1 |     1 ||     2
Armor: Robe              |     1 |     1 ||     2
Dodge: Dodged            |     3 |     3 ||     6
